%YAML 1.1
%TAG !u! tag:unity3d.com,2011:
--- !u!1 &4110032746598443689
GameObject:
  m_ObjectHideFlags: 0
  m_CorrespondingSourceObject: {fileID: 0}
  m_PrefabInstance: {fileID: 0}
  m_PrefabAsset: {fileID: 0}
  serializedVersion: 6
  m_Component:
  - component: {fileID: 8496260069462705050}
  m_Layer: 0
  m_Name: AllySpawnPoints
  m_TagString: Untagged
  m_Icon: {fileID: 0}
  m_NavMeshLayer: 0
  m_StaticEditorFlags: 0
  m_IsActive: 1
--- !u!4 &8496260069462705050
Transform:
  m_ObjectHideFlags: 0
  m_CorrespondingSourceObject: {fileID: 0}
  m_PrefabInstance: {fileID: 0}
  m_PrefabAsset: {fileID: 0}
  m_GameObject: {fileID: 4110032746598443689}
  m_LocalRotation: {x: -0, y: -0, z: -0, w: 1}
  m_LocalPosition: {x: 0, y: 0, z: 0}
  m_LocalScale: {x: 1, y: 1, z: 1}
  m_Children:
  - {fileID: 2230577910866809291}
  - {fileID: 2432435977998507431}
  m_Father: {fileID: 7209151643971928766}
  m_RootOrder: 1
  m_LocalEulerAnglesHint: {x: 0, y: 0, z: 0}
--- !u!1 &4243494486081944932
GameObject:
  m_ObjectHideFlags: 0
  m_CorrespondingSourceObject: {fileID: 0}
  m_PrefabInstance: {fileID: 0}
  m_PrefabAsset: {fileID: 0}
  serializedVersion: 6
  m_Component:
  - component: {fileID: 7209151643971928766}
  m_Layer: 0
  m_Name: Level3
  m_TagString: Untagged
  m_Icon: {fileID: 0}
  m_NavMeshLayer: 0
  m_StaticEditorFlags: 0
  m_IsActive: 1
--- !u!4 &7209151643971928766
Transform:
  m_ObjectHideFlags: 0
  m_CorrespondingSourceObject: {fileID: 0}
  m_PrefabInstance: {fileID: 0}
  m_PrefabAsset: {fileID: 0}
  m_GameObject: {fileID: 4243494486081944932}
  m_LocalRotation: {x: 0, y: 0, z: 0, w: 1}
  m_LocalPosition: {x: 0, y: 0, z: 0}
  m_LocalScale: {x: 1, y: 1, z: 1}
  m_Children:
  - {fileID: 7415618465245215985}
  - {fileID: 8496260069462705050}
  - {fileID: 5073800469420948513}
  - {fileID: 85339246346516270}
  - {fileID: 9201580893145277140}
  - {fileID: 8444240653315500724}
  m_Father: {fileID: 0}
  m_RootOrder: 0
  m_LocalEulerAnglesHint: {x: 0, y: 0, z: 0}
--- !u!1 &7566043680135376759
GameObject:
  m_ObjectHideFlags: 0
  m_CorrespondingSourceObject: {fileID: 0}
  m_PrefabInstance: {fileID: 0}
  m_PrefabAsset: {fileID: 0}
  serializedVersion: 6
  m_Component:
  - component: {fileID: 5073800469420948513}
  m_Layer: 0
  m_Name: EnemySpawnPoints
  m_TagString: Untagged
  m_Icon: {fileID: 0}
  m_NavMeshLayer: 0
  m_StaticEditorFlags: 0
  m_IsActive: 1
--- !u!4 &5073800469420948513
Transform:
  m_ObjectHideFlags: 0
  m_CorrespondingSourceObject: {fileID: 0}
  m_PrefabInstance: {fileID: 0}
  m_PrefabAsset: {fileID: 0}
  m_GameObject: {fileID: 7566043680135376759}
  m_LocalRotation: {x: -0, y: -0, z: -0, w: 1}
  m_LocalPosition: {x: 0, y: 0, z: 0}
  m_LocalScale: {x: 1, y: 1, z: 1}
  m_Children:
  - {fileID: 1404377918553897338}
  - {fileID: 2646393752185347582}
  m_Father: {fileID: 7209151643971928766}
  m_RootOrder: 2
  m_LocalEulerAnglesHint: {x: 0, y: 0, z: 0}
--- !u!1001 &510013866254639011
PrefabInstance:
  m_ObjectHideFlags: 0
  serializedVersion: 2
  m_Modification:
    m_TransformParent: {fileID: 7209151643971928766}
    m_Modifications:
    - target: {fileID: 20740782886104571, guid: cbc333e2948ff9c478ceea5ad48b6890, type: 3}
      propertyPath: m_LocalPosition.x
      value: -46.180405
      objectReference: {fileID: 0}
    - target: {fileID: 20740782886104571, guid: cbc333e2948ff9c478ceea5ad48b6890, type: 3}
      propertyPath: m_LocalPosition.z
      value: 53.706036
      objectReference: {fileID: 0}
    - target: {fileID: 111057080584479307, guid: cbc333e2948ff9c478ceea5ad48b6890, type: 3}
      propertyPath: m_LocalPosition.x
      value: -42.930416
      objectReference: {fileID: 0}
    - target: {fileID: 111057080584479307, guid: cbc333e2948ff9c478ceea5ad48b6890, type: 3}
      propertyPath: m_LocalPosition.z
      value: 55.956043
      objectReference: {fileID: 0}
    - target: {fileID: 113874592258493971, guid: cbc333e2948ff9c478ceea5ad48b6890, type: 3}
      propertyPath: m_LocalPosition.x
      value: -45.732437
      objectReference: {fileID: 0}
    - target: {fileID: 113874592258493971, guid: cbc333e2948ff9c478ceea5ad48b6890, type: 3}
      propertyPath: m_LocalPosition.z
      value: 56.556423
      objectReference: {fileID: 0}
    - target: {fileID: 115740965385646637, guid: cbc333e2948ff9c478ceea5ad48b6890, type: 3}
      propertyPath: m_LocalPosition.x
      value: -39.680416
      objectReference: {fileID: 0}
    - target: {fileID: 115740965385646637, guid: cbc333e2948ff9c478ceea5ad48b6890, type: 3}
      propertyPath: m_LocalPosition.z
      value: 56.70605
      objectReference: {fileID: 0}
    - target: {fileID: 294915635656554991, guid: cbc333e2948ff9c478ceea5ad48b6890, type: 3}
      propertyPath: m_LocalPosition.x
      value: 40.4
      objectReference: {fileID: 0}
    - target: {fileID: 294915635656554991, guid: cbc333e2948ff9c478ceea5ad48b6890, type: 3}
      propertyPath: m_LocalPosition.z
      value: 25.7
      objectReference: {fileID: 0}
    - target: {fileID: 377633061976630993, guid: cbc333e2948ff9c478ceea5ad48b6890, type: 3}
      propertyPath: m_LocalPosition.x
      value: -35.649612
      objectReference: {fileID: 0}
    - target: {fileID: 377633061976630993, guid: cbc333e2948ff9c478ceea5ad48b6890, type: 3}
      propertyPath: m_LocalPosition.z
      value: 65.15202
      objectReference: {fileID: 0}
    - target: {fileID: 448770456607407781, guid: cbc333e2948ff9c478ceea5ad48b6890, type: 3}
      propertyPath: m_LocalPosition.x
      value: -46.732437
      objectReference: {fileID: 0}
    - target: {fileID: 448770456607407781, guid: cbc333e2948ff9c478ceea5ad48b6890, type: 3}
      propertyPath: m_LocalPosition.z
      value: 56.05642
      objectReference: {fileID: 0}
    - target: {fileID: 463780490090543837, guid: cbc333e2948ff9c478ceea5ad48b6890, type: 3}
      propertyPath: m_LocalPosition.x
      value: -44.482437
      objectReference: {fileID: 0}
    - target: {fileID: 463780490090543837, guid: cbc333e2948ff9c478ceea5ad48b6890, type: 3}
      propertyPath: m_LocalPosition.z
      value: 56.556427
      objectReference: {fileID: 0}
    - target: {fileID: 736583515190617940, guid: cbc333e2948ff9c478ceea5ad48b6890, type: 3}
      propertyPath: m_LocalPosition.x
      value: -46.482437
      objectReference: {fileID: 0}
    - target: {fileID: 736583515190617940, guid: cbc333e2948ff9c478ceea5ad48b6890, type: 3}
      propertyPath: m_LocalPosition.z
      value: 53.556423
      objectReference: {fileID: 0}
    - target: {fileID: 739802523252583295, guid: cbc333e2948ff9c478ceea5ad48b6890, type: 3}
      propertyPath: m_LocalPosition.x
      value: -45.732445
      objectReference: {fileID: 0}
    - target: {fileID: 739802523252583295, guid: cbc333e2948ff9c478ceea5ad48b6890, type: 3}
      propertyPath: m_LocalPosition.z
      value: 58.056423
      objectReference: {fileID: 0}
    - target: {fileID: 1072715770098447358, guid: cbc333e2948ff9c478ceea5ad48b6890, type: 3}
      propertyPath: m_LocalPosition.x
      value: -37.75
      objectReference: {fileID: 0}
    - target: {fileID: 1072715770098447358, guid: cbc333e2948ff9c478ceea5ad48b6890, type: 3}
      propertyPath: m_LocalPosition.z
      value: 66.100006
      objectReference: {fileID: 0}
    - target: {fileID: 1106497144789332713, guid: cbc333e2948ff9c478ceea5ad48b6890, type: 3}
      propertyPath: m_LocalPosition.x
      value: -43.982445
      objectReference: {fileID: 0}
    - target: {fileID: 1106497144789332713, guid: cbc333e2948ff9c478ceea5ad48b6890, type: 3}
      propertyPath: m_LocalPosition.z
      value: 58.306427
      objectReference: {fileID: 0}
    - target: {fileID: 1190676112126745600, guid: cbc333e2948ff9c478ceea5ad48b6890, type: 3}
      propertyPath: m_LocalPosition.x
      value: -40.982597
      objectReference: {fileID: 0}
    - target: {fileID: 1190676112126745600, guid: cbc333e2948ff9c478ceea5ad48b6890, type: 3}
      propertyPath: m_LocalPosition.z
      value: 66.33757
      objectReference: {fileID: 0}
    - target: {fileID: 1261998471913147419, guid: cbc333e2948ff9c478ceea5ad48b6890, type: 3}
      propertyPath: m_LocalPosition.x
      value: -37.899612
      objectReference: {fileID: 0}
    - target: {fileID: 1261998471913147419, guid: cbc333e2948ff9c478ceea5ad48b6890, type: 3}
      propertyPath: m_LocalPosition.z
      value: 67.90203
      objectReference: {fileID: 0}
    - target: {fileID: 1293108538562354907, guid: cbc333e2948ff9c478ceea5ad48b6890, type: 3}
      propertyPath: m_LocalPosition.x
      value: -45.732437
      objectReference: {fileID: 0}
    - target: {fileID: 1293108538562354907, guid: cbc333e2948ff9c478ceea5ad48b6890, type: 3}
      propertyPath: m_LocalPosition.z
      value: 55.056423
      objectReference: {fileID: 0}
    - target: {fileID: 1610801817059859543, guid: cbc333e2948ff9c478ceea5ad48b6890, type: 3}
      propertyPath: m_LocalPosition.x
      value: -42.982445
      objectReference: {fileID: 0}
    - target: {fileID: 1610801817059859543, guid: cbc333e2948ff9c478ceea5ad48b6890, type: 3}
      propertyPath: m_LocalPosition.z
      value: 58.05643
      objectReference: {fileID: 0}
    - target: {fileID: 1933448415287099615, guid: cbc333e2948ff9c478ceea5ad48b6890, type: 3}
      propertyPath: m_LocalPosition.x
      value: -39.25
      objectReference: {fileID: 0}
    - target: {fileID: 1933448415287099615, guid: cbc333e2948ff9c478ceea5ad48b6890, type: 3}
      propertyPath: m_LocalPosition.z
      value: 64.600006
      objectReference: {fileID: 0}
    - target: {fileID: 2045358424916456222, guid: cbc333e2948ff9c478ceea5ad48b6890, type: 3}
      propertyPath: m_LocalPosition.x
      value: -40.680416
      objectReference: {fileID: 0}
    - target: {fileID: 2045358424916456222, guid: cbc333e2948ff9c478ceea5ad48b6890, type: 3}
      propertyPath: m_LocalPosition.z
      value: 56.956043
      objectReference: {fileID: 0}
    - target: {fileID: 2188374164731094714, guid: cbc333e2948ff9c478ceea5ad48b6890, type: 3}
      propertyPath: m_LocalPosition.x
      value: -44.180412
      objectReference: {fileID: 0}
    - target: {fileID: 2188374164731094714, guid: cbc333e2948ff9c478ceea5ad48b6890, type: 3}
      propertyPath: m_LocalPosition.z
      value: 53.956043
      objectReference: {fileID: 0}
    - target: {fileID: 2533336444786768372, guid: cbc333e2948ff9c478ceea5ad48b6890, type: 3}
      propertyPath: m_LocalPosition.x
      value: -46.076004
      objectReference: {fileID: 0}
    - target: {fileID: 2533336444786768372, guid: cbc333e2948ff9c478ceea5ad48b6890, type: 3}
      propertyPath: m_LocalPosition.z
      value: 60.250004
      objectReference: {fileID: 0}
    - target: {fileID: 2643316018324174035, guid: cbc333e2948ff9c478ceea5ad48b6890, type: 3}
      propertyPath: m_LocalPosition.x
      value: -47.482437
      objectReference: {fileID: 0}
    - target: {fileID: 2643316018324174035, guid: cbc333e2948ff9c478ceea5ad48b6890, type: 3}
      propertyPath: m_LocalPosition.z
      value: 56.056416
      objectReference: {fileID: 0}
    - target: {fileID: 2652181897876235696, guid: cbc333e2948ff9c478ceea5ad48b6890, type: 3}
      propertyPath: m_LocalPosition.x
      value: -38.75
      objectReference: {fileID: 0}
    - target: {fileID: 2652181897876235696, guid: cbc333e2948ff9c478ceea5ad48b6890, type: 3}
      propertyPath: m_LocalPosition.z
      value: 61.850002
      objectReference: {fileID: 0}
    - target: {fileID: 2727393418272913290, guid: cbc333e2948ff9c478ceea5ad48b6890, type: 3}
      propertyPath: m_LocalPosition.x
      value: -42.982445
      objectReference: {fileID: 0}
    - target: {fileID: 2727393418272913290, guid: cbc333e2948ff9c478ceea5ad48b6890, type: 3}
      propertyPath: m_LocalPosition.z
      value: 57.30643
      objectReference: {fileID: 0}
    - target: {fileID: 2846257992742538447, guid: cbc333e2948ff9c478ceea5ad48b6890, type: 3}
      propertyPath: m_LocalPosition.x
      value: -40.18042
      objectReference: {fileID: 0}
    - target: {fileID: 2846257992742538447, guid: cbc333e2948ff9c478ceea5ad48b6890, type: 3}
      propertyPath: m_LocalPosition.z
      value: 58.20605
      objectReference: {fileID: 0}
    - target: {fileID: 3047158337197536393, guid: cbc333e2948ff9c478ceea5ad48b6890, type: 3}
      propertyPath: m_LocalPosition.x
      value: -35.899612
      objectReference: {fileID: 0}
    - target: {fileID: 3047158337197536393, guid: cbc333e2948ff9c478ceea5ad48b6890, type: 3}
      propertyPath: m_LocalPosition.z
      value: 66.65203
      objectReference: {fileID: 0}
    - target: {fileID: 3053021399736758076, guid: cbc333e2948ff9c478ceea5ad48b6890, type: 3}
      propertyPath: m_LocalPosition.x
      value: -39.68042
      objectReference: {fileID: 0}
    - target: {fileID: 3053021399736758076, guid: cbc333e2948ff9c478ceea5ad48b6890, type: 3}
      propertyPath: m_LocalPosition.z
      value: 57.45605
      objectReference: {fileID: 0}
    - target: {fileID: 3249924728685783719, guid: cbc333e2948ff9c478ceea5ad48b6890, type: 3}
      propertyPath: m_LocalPosition.x
      value: -43.48245
      objectReference: {fileID: 0}
    - target: {fileID: 3249924728685783719, guid: cbc333e2948ff9c478ceea5ad48b6890, type: 3}
      propertyPath: m_LocalPosition.z
      value: 59.556427
      objectReference: {fileID: 0}
    - target: {fileID: 3252507507293033364, guid: cbc333e2948ff9c478ceea5ad48b6890, type: 3}
      propertyPath: m_LocalPosition.x
      value: -41.98244
      objectReference: {fileID: 0}
    - target: {fileID: 3252507507293033364, guid: cbc333e2948ff9c478ceea5ad48b6890, type: 3}
      propertyPath: m_LocalPosition.z
      value: 58.05643
      objectReference: {fileID: 0}
    - target: {fileID: 3407947428443975752, guid: cbc333e2948ff9c478ceea5ad48b6890, type: 3}
      propertyPath: m_LocalPosition.x
      value: -43.43041
      objectReference: {fileID: 0}
    - target: {fileID: 3407947428443975752, guid: cbc333e2948ff9c478ceea5ad48b6890, type: 3}
      propertyPath: m_LocalPosition.z
      value: 54.70604
      objectReference: {fileID: 0}
    - target: {fileID: 3596483081301284195, guid: cbc333e2948ff9c478ceea5ad48b6890, type: 3}
      propertyPath: m_LocalPosition.x
      value: -36
      objectReference: {fileID: 0}
    - target: {fileID: 3596483081301284195, guid: cbc333e2948ff9c478ceea5ad48b6890, type: 3}
      propertyPath: m_LocalPosition.z
      value: 65.600006
      objectReference: {fileID: 0}
    - target: {fileID: 3603334827731428751, guid: cbc333e2948ff9c478ceea5ad48b6890, type: 3}
      propertyPath: m_LocalPosition.x
      value: -45.732437
      objectReference: {fileID: 0}
    - target: {fileID: 3603334827731428751, guid: cbc333e2948ff9c478ceea5ad48b6890, type: 3}
      propertyPath: m_LocalPosition.z
      value: 55.806423
      objectReference: {fileID: 0}
    - target: {fileID: 3662056228109962635, guid: cbc333e2948ff9c478ceea5ad48b6890, type: 3}
      propertyPath: m_LocalPosition.x
      value: -37.75
      objectReference: {fileID: 0}
    - target: {fileID: 3662056228109962635, guid: cbc333e2948ff9c478ceea5ad48b6890, type: 3}
      propertyPath: m_LocalPosition.z
      value: 65.100006
      objectReference: {fileID: 0}
    - target: {fileID: 3743631946509940429, guid: cbc333e2948ff9c478ceea5ad48b6890, type: 3}
      propertyPath: m_LocalPosition.x
      value: -38.5
      objectReference: {fileID: 0}
    - target: {fileID: 3743631946509940429, guid: cbc333e2948ff9c478ceea5ad48b6890, type: 3}
      propertyPath: m_LocalPosition.z
      value: 65.100006
      objectReference: {fileID: 0}
    - target: {fileID: 3878949165508141264, guid: cbc333e2948ff9c478ceea5ad48b6890, type: 3}
      propertyPath: m_LocalPosition.x
      value: -38.18041
      objectReference: {fileID: 0}
    - target: {fileID: 3878949165508141264, guid: cbc333e2948ff9c478ceea5ad48b6890, type: 3}
      propertyPath: m_LocalPosition.z
      value: 55.206055
      objectReference: {fileID: 0}
    - target: {fileID: 3906577414146717973, guid: cbc333e2948ff9c478ceea5ad48b6890, type: 3}
      propertyPath: m_LocalPosition.x
      value: -42.23244
      objectReference: {fileID: 0}
    - target: {fileID: 3906577414146717973, guid: cbc333e2948ff9c478ceea5ad48b6890, type: 3}
      propertyPath: m_LocalPosition.z
      value: 57.30643
      objectReference: {fileID: 0}
    - target: {fileID: 3991164110840532196, guid: cbc333e2948ff9c478ceea5ad48b6890, type: 3}
      propertyPath: m_LocalPosition.x
      value: -36.25
      objectReference: {fileID: 0}
    - target: {fileID: 3991164110840532196, guid: cbc333e2948ff9c478ceea5ad48b6890, type: 3}
      propertyPath: m_LocalPosition.z
      value: 66.600006
      objectReference: {fileID: 0}
    - target: {fileID: 4023388592708826675, guid: cbc333e2948ff9c478ceea5ad48b6890, type: 3}
      propertyPath: m_LocalPosition.x
      value: -40.18042
      objectReference: {fileID: 0}
    - target: {fileID: 4023388592708826675, guid: cbc333e2948ff9c478ceea5ad48b6890, type: 3}
      propertyPath: m_LocalPosition.z
      value: 58.20605
      objectReference: {fileID: 0}
    - target: {fileID: 4089171495559763427, guid: cbc333e2948ff9c478ceea5ad48b6890, type: 3}
      propertyPath: m_LocalPosition.x
      value: -39.25
      objectReference: {fileID: 0}
    - target: {fileID: 4089171495559763427, guid: cbc333e2948ff9c478ceea5ad48b6890, type: 3}
      propertyPath: m_LocalPosition.z
      value: 64.600006
      objectReference: {fileID: 0}
    - target: {fileID: 4150184691288503776, guid: cbc333e2948ff9c478ceea5ad48b6890, type: 3}
      propertyPath: m_LocalPosition.x
      value: -44.982437
      objectReference: {fileID: 0}
    - target: {fileID: 4150184691288503776, guid: cbc333e2948ff9c478ceea5ad48b6890, type: 3}
      propertyPath: m_LocalPosition.z
      value: 55.056423
      objectReference: {fileID: 0}
    - target: {fileID: 4233795575834276214, guid: cbc333e2948ff9c478ceea5ad48b6890, type: 3}
      propertyPath: m_LocalPosition.x
      value: -37
      objectReference: {fileID: 0}
    - target: {fileID: 4233795575834276214, guid: cbc333e2948ff9c478ceea5ad48b6890, type: 3}
      propertyPath: m_LocalPosition.z
      value: 65.850006
      objectReference: {fileID: 0}
    - target: {fileID: 4318059569157814791, guid: cbc333e2948ff9c478ceea5ad48b6890, type: 3}
      propertyPath: m_LocalPosition.x
      value: -44.232433
      objectReference: {fileID: 0}
    - target: {fileID: 4318059569157814791, guid: cbc333e2948ff9c478ceea5ad48b6890, type: 3}
      propertyPath: m_LocalPosition.z
      value: 54.306423
      objectReference: {fileID: 0}
    - target: {fileID: 4318780572277868076, guid: cbc333e2948ff9c478ceea5ad48b6890, type: 3}
      propertyPath: m_LocalPosition.x
      value: -42.430412
      objectReference: {fileID: 0}
    - target: {fileID: 4318780572277868076, guid: cbc333e2948ff9c478ceea5ad48b6890, type: 3}
      propertyPath: m_LocalPosition.z
      value: 54.456043
      objectReference: {fileID: 0}
    - target: {fileID: 4409501306932504631, guid: cbc333e2948ff9c478ceea5ad48b6890, type: 3}
      propertyPath: m_LocalPosition.x
      value: -42.982445
      objectReference: {fileID: 0}
    - target: {fileID: 4409501306932504631, guid: cbc333e2948ff9c478ceea5ad48b6890, type: 3}
      propertyPath: m_LocalPosition.z
      value: 58.806427
      objectReference: {fileID: 0}
    - target: {fileID: 4507577905304766291, guid: cbc333e2948ff9c478ceea5ad48b6890, type: 3}
      propertyPath: m_LocalPosition.x
      value: -38.75
      objectReference: {fileID: 0}
    - target: {fileID: 4507577905304766291, guid: cbc333e2948ff9c478ceea5ad48b6890, type: 3}
      propertyPath: m_LocalPosition.z
      value: 62.600002
      objectReference: {fileID: 0}
    - target: {fileID: 4514050526978221474, guid: cbc333e2948ff9c478ceea5ad48b6890, type: 3}
      propertyPath: m_LocalPosition.x
      value: -36.649612
      objectReference: {fileID: 0}
    - target: {fileID: 4514050526978221474, guid: cbc333e2948ff9c478ceea5ad48b6890, type: 3}
      propertyPath: m_LocalPosition.z
      value: 67.40203
      objectReference: {fileID: 0}
    - target: {fileID: 4567169638379687210, guid: cbc333e2948ff9c478ceea5ad48b6890, type: 3}
      propertyPath: m_LocalPosition.x
      value: -35.649612
      objectReference: {fileID: 0}
    - target: {fileID: 4567169638379687210, guid: cbc333e2948ff9c478ceea5ad48b6890, type: 3}
      propertyPath: m_LocalPosition.z
      value: 65.15202
      objectReference: {fileID: 0}
    - target: {fileID: 4845517197480394137, guid: cbc333e2948ff9c478ceea5ad48b6890, type: 3}
      propertyPath: m_LocalPosition.x
      value: -41
      objectReference: {fileID: 0}
    - target: {fileID: 4845517197480394137, guid: cbc333e2948ff9c478ceea5ad48b6890, type: 3}
      propertyPath: m_LocalPosition.z
      value: 61.350002
      objectReference: {fileID: 0}
    - target: {fileID: 5001617068618459615, guid: cbc333e2948ff9c478ceea5ad48b6890, type: 3}
      propertyPath: m_LocalPosition.x
      value: 52.01741
      objectReference: {fileID: 0}
    - target: {fileID: 5001617068618459615, guid: cbc333e2948ff9c478ceea5ad48b6890, type: 3}
      propertyPath: m_LocalPosition.z
      value: -1.6624374
      objectReference: {fileID: 0}
    - target: {fileID: 5031400898616943429, guid: cbc333e2948ff9c478ceea5ad48b6890, type: 3}
      propertyPath: m_LocalPosition.x
      value: -41.48244
      objectReference: {fileID: 0}
    - target: {fileID: 5031400898616943429, guid: cbc333e2948ff9c478ceea5ad48b6890, type: 3}
      propertyPath: m_LocalPosition.z
      value: 56.55643
      objectReference: {fileID: 0}
    - target: {fileID: 5047122003720096662, guid: cbc333e2948ff9c478ceea5ad48b6890, type: 3}
      propertyPath: m_LocalPosition.x
      value: -40.25
      objectReference: {fileID: 0}
    - target: {fileID: 5047122003720096662, guid: cbc333e2948ff9c478ceea5ad48b6890, type: 3}
      propertyPath: m_LocalPosition.z
      value: 61.850002
      objectReference: {fileID: 0}
    - target: {fileID: 5067294882016658730, guid: cbc333e2948ff9c478ceea5ad48b6890, type: 3}
      propertyPath: m_LocalPosition.x
      value: -41.180416
      objectReference: {fileID: 0}
    - target: {fileID: 5067294882016658730, guid: cbc333e2948ff9c478ceea5ad48b6890, type: 3}
      propertyPath: m_LocalPosition.z
      value: 55.206047
      objectReference: {fileID: 0}
    - target: {fileID: 5117065616896331378, guid: cbc333e2948ff9c478ceea5ad48b6890, type: 3}
      propertyPath: m_LocalPosition.x
      value: -39.5
      objectReference: {fileID: 0}
    - target: {fileID: 5117065616896331378, guid: cbc333e2948ff9c478ceea5ad48b6890, type: 3}
      propertyPath: m_LocalPosition.z
      value: 61.850002
      objectReference: {fileID: 0}
    - target: {fileID: 5124394587760218767, guid: cbc333e2948ff9c478ceea5ad48b6890, type: 3}
      propertyPath: m_LocalPosition.x
      value: -42.43041
      objectReference: {fileID: 0}
    - target: {fileID: 5124394587760218767, guid: cbc333e2948ff9c478ceea5ad48b6890, type: 3}
      propertyPath: m_LocalPosition.z
      value: 53.706043
      objectReference: {fileID: 0}
    - target: {fileID: 5163086922003298501, guid: cbc333e2948ff9c478ceea5ad48b6890, type: 3}
      propertyPath: m_LocalPosition.x
      value: -44.732445
      objectReference: {fileID: 0}
    - target: {fileID: 5163086922003298501, guid: cbc333e2948ff9c478ceea5ad48b6890, type: 3}
      propertyPath: m_LocalPosition.z
      value: 57.556427
      objectReference: {fileID: 0}
    - target: {fileID: 5176181558598399784, guid: cbc333e2948ff9c478ceea5ad48b6890, type: 3}
      propertyPath: m_LocalPosition.x
      value: -43.48245
      objectReference: {fileID: 0}
    - target: {fileID: 5176181558598399784, guid: cbc333e2948ff9c478ceea5ad48b6890, type: 3}
      propertyPath: m_LocalPosition.z
      value: 59.556427
      objectReference: {fileID: 0}
    - target: {fileID: 5258023544305421082, guid: cbc333e2948ff9c478ceea5ad48b6890, type: 3}
      propertyPath: m_Name
      value: Environment1
      objectReference: {fileID: 0}
    - target: {fileID: 5359336341871021635, guid: cbc333e2948ff9c478ceea5ad48b6890, type: 3}
      propertyPath: m_LocalPosition.x
      value: -38.930416
      objectReference: {fileID: 0}
    - target: {fileID: 5359336341871021635, guid: cbc333e2948ff9c478ceea5ad48b6890, type: 3}
      propertyPath: m_LocalPosition.z
      value: 55.95605
      objectReference: {fileID: 0}
    - target: {fileID: 5369697649186202152, guid: cbc333e2948ff9c478ceea5ad48b6890, type: 3}
      propertyPath: m_LocalPosition.x
      value: -46.232437
      objectReference: {fileID: 0}
    - target: {fileID: 5369697649186202152, guid: cbc333e2948ff9c478ceea5ad48b6890, type: 3}
      propertyPath: m_LocalPosition.z
      value: 57.306423
      objectReference: {fileID: 0}
    - target: {fileID: 5392545763302730637, guid: cbc333e2948ff9c478ceea5ad48b6890, type: 3}
      propertyPath: m_LocalPosition.x
      value: -41.430412
      objectReference: {fileID: 0}
    - target: {fileID: 5392545763302730637, guid: cbc333e2948ff9c478ceea5ad48b6890, type: 3}
      propertyPath: m_LocalPosition.z
      value: 54.456043
      objectReference: {fileID: 0}
    - target: {fileID: 5676496811159389443, guid: cbc333e2948ff9c478ceea5ad48b6890, type: 3}
      propertyPath: m_LocalPosition.x
      value: -37.75
      objectReference: {fileID: 0}
    - target: {fileID: 5676496811159389443, guid: cbc333e2948ff9c478ceea5ad48b6890, type: 3}
      propertyPath: m_LocalPosition.z
      value: 62.350002
      objectReference: {fileID: 0}
    - target: {fileID: 6089873754901559377, guid: cbc333e2948ff9c478ceea5ad48b6890, type: 3}
      propertyPath: m_LocalPosition.x
      value: -42.430412
      objectReference: {fileID: 0}
    - target: {fileID: 6089873754901559377, guid: cbc333e2948ff9c478ceea5ad48b6890, type: 3}
      propertyPath: m_LocalPosition.z
      value: 55.206043
      objectReference: {fileID: 0}
    - target: {fileID: 6132201628350357160, guid: cbc333e2948ff9c478ceea5ad48b6890, type: 3}
      propertyPath: m_LocalPosition.x
      value: -42.930416
      objectReference: {fileID: 0}
    - target: {fileID: 6132201628350357160, guid: cbc333e2948ff9c478ceea5ad48b6890, type: 3}
      propertyPath: m_LocalPosition.z
      value: 55.956043
      objectReference: {fileID: 0}
    - target: {fileID: 6266881021048546844, guid: cbc333e2948ff9c478ceea5ad48b6890, type: 3}
      propertyPath: m_LocalPosition.x
      value: -41.430416
      objectReference: {fileID: 0}
    - target: {fileID: 6266881021048546844, guid: cbc333e2948ff9c478ceea5ad48b6890, type: 3}
      propertyPath: m_LocalPosition.z
      value: 56.206047
      objectReference: {fileID: 0}
    - target: {fileID: 6437904823523017106, guid: cbc333e2948ff9c478ceea5ad48b6890, type: 3}
      propertyPath: m_LocalPosition.x
      value: -42.48244
      objectReference: {fileID: 0}
    - target: {fileID: 6437904823523017106, guid: cbc333e2948ff9c478ceea5ad48b6890, type: 3}
      propertyPath: m_LocalPosition.z
      value: 56.30643
      objectReference: {fileID: 0}
    - target: {fileID: 6595752027960654209, guid: cbc333e2948ff9c478ceea5ad48b6890, type: 3}
      propertyPath: m_LocalPosition.x
      value: -37.25
      objectReference: {fileID: 0}
    - target: {fileID: 6595752027960654209, guid: cbc333e2948ff9c478ceea5ad48b6890, type: 3}
      propertyPath: m_LocalPosition.z
      value: 63.350002
      objectReference: {fileID: 0}
    - target: {fileID: 6637579251527021850, guid: cbc333e2948ff9c478ceea5ad48b6890, type: 3}
      propertyPath: m_LocalPosition.x
      value: -46.232437
      objectReference: {fileID: 0}
    - target: {fileID: 6637579251527021850, guid: cbc333e2948ff9c478ceea5ad48b6890, type: 3}
      propertyPath: m_LocalPosition.z
      value: 57.306423
      objectReference: {fileID: 0}
    - target: {fileID: 6799624437450631031, guid: cbc333e2948ff9c478ceea5ad48b6890, type: 3}
      propertyPath: m_LocalPosition.x
      value: -39.180412
      objectReference: {fileID: 0}
    - target: {fileID: 6799624437450631031, guid: cbc333e2948ff9c478ceea5ad48b6890, type: 3}
      propertyPath: m_LocalPosition.z
      value: 54.95605
      objectReference: {fileID: 0}
    - target: {fileID: 7074100410217309572, guid: cbc333e2948ff9c478ceea5ad48b6890, type: 3}
      propertyPath: m_LocalPosition.x
      value: -47.232437
      objectReference: {fileID: 0}
    - target: {fileID: 7074100410217309572, guid: cbc333e2948ff9c478ceea5ad48b6890, type: 3}
      propertyPath: m_LocalPosition.z
      value: 54.306423
      objectReference: {fileID: 0}
    - target: {fileID: 7153240314973154025, guid: cbc333e2948ff9c478ceea5ad48b6890, type: 3}
      propertyPath: m_LocalPosition.x
      value: -37
      objectReference: {fileID: 0}
    - target: {fileID: 7153240314973154025, guid: cbc333e2948ff9c478ceea5ad48b6890, type: 3}
      propertyPath: m_LocalPosition.z
      value: 65.100006
      objectReference: {fileID: 0}
    - target: {fileID: 7406945886763589053, guid: cbc333e2948ff9c478ceea5ad48b6890, type: 3}
      propertyPath: m_LocalPosition.x
      value: -38
      objectReference: {fileID: 0}
    - target: {fileID: 7406945886763589053, guid: cbc333e2948ff9c478ceea5ad48b6890, type: 3}
      propertyPath: m_LocalPosition.z
      value: 64.100006
      objectReference: {fileID: 0}
    - target: {fileID: 7474130027331715895, guid: cbc333e2948ff9c478ceea5ad48b6890, type: 3}
      propertyPath: m_LocalPosition.x
      value: -41
      objectReference: {fileID: 0}
    - target: {fileID: 7474130027331715895, guid: cbc333e2948ff9c478ceea5ad48b6890, type: 3}
      propertyPath: m_LocalPosition.z
      value: 61.350002
      objectReference: {fileID: 0}
    - target: {fileID: 7629985452287540687, guid: cbc333e2948ff9c478ceea5ad48b6890, type: 3}
      propertyPath: m_LocalPosition.x
      value: -45.232437
      objectReference: {fileID: 0}
    - target: {fileID: 7629985452287540687, guid: cbc333e2948ff9c478ceea5ad48b6890, type: 3}
      propertyPath: m_LocalPosition.z
      value: 54.056423
      objectReference: {fileID: 0}
    - target: {fileID: 7657640631094495689, guid: cbc333e2948ff9c478ceea5ad48b6890, type: 3}
      propertyPath: m_LocalPosition.x
      value: -46.180405
      objectReference: {fileID: 0}
    - target: {fileID: 7657640631094495689, guid: cbc333e2948ff9c478ceea5ad48b6890, type: 3}
      propertyPath: m_LocalPosition.z
      value: 53.706036
      objectReference: {fileID: 0}
    - target: {fileID: 7664960101543455722, guid: cbc333e2948ff9c478ceea5ad48b6890, type: 3}
      propertyPath: m_LocalPosition.x
      value: -39.680412
      objectReference: {fileID: 0}
    - target: {fileID: 7664960101543455722, guid: cbc333e2948ff9c478ceea5ad48b6890, type: 3}
      propertyPath: m_LocalPosition.z
      value: 55.95605
      objectReference: {fileID: 0}
    - target: {fileID: 7683510265339206053, guid: cbc333e2948ff9c478ceea5ad48b6890, type: 3}
      propertyPath: m_LocalPosition.x
      value: -37.899612
      objectReference: {fileID: 0}
    - target: {fileID: 7683510265339206053, guid: cbc333e2948ff9c478ceea5ad48b6890, type: 3}
      propertyPath: m_LocalPosition.z
      value: 67.90203
      objectReference: {fileID: 0}
    - target: {fileID: 7934482015476387433, guid: cbc333e2948ff9c478ceea5ad48b6890, type: 3}
      propertyPath: m_LocalPosition.x
      value: -43.73244
      objectReference: {fileID: 0}
    - target: {fileID: 7934482015476387433, guid: cbc333e2948ff9c478ceea5ad48b6890, type: 3}
      propertyPath: m_LocalPosition.z
      value: 55.80643
      objectReference: {fileID: 0}
    - target: {fileID: 8063674322230247510, guid: cbc333e2948ff9c478ceea5ad48b6890, type: 3}
      propertyPath: m_LocalPosition.x
      value: -44.732445
      objectReference: {fileID: 0}
    - target: {fileID: 8063674322230247510, guid: cbc333e2948ff9c478ceea5ad48b6890, type: 3}
      propertyPath: m_LocalPosition.z
      value: 58.306427
      objectReference: {fileID: 0}
    - target: {fileID: 8184687515586665180, guid: cbc333e2948ff9c478ceea5ad48b6890, type: 3}
      propertyPath: m_LocalPosition.x
      value: -38
      objectReference: {fileID: 0}
    - target: {fileID: 8184687515586665180, guid: cbc333e2948ff9c478ceea5ad48b6890, type: 3}
      propertyPath: m_LocalPosition.z
      value: 63.350002
      objectReference: {fileID: 0}
    - target: {fileID: 8231479278893135127, guid: cbc333e2948ff9c478ceea5ad48b6890, type: 3}
      propertyPath: m_RootOrder
      value: 5
      objectReference: {fileID: 0}
    - target: {fileID: 8231479278893135127, guid: cbc333e2948ff9c478ceea5ad48b6890, type: 3}
      propertyPath: m_LocalPosition.x
      value: 0
      objectReference: {fileID: 0}
    - target: {fileID: 8231479278893135127, guid: cbc333e2948ff9c478ceea5ad48b6890, type: 3}
      propertyPath: m_LocalPosition.y
      value: 0
      objectReference: {fileID: 0}
    - target: {fileID: 8231479278893135127, guid: cbc333e2948ff9c478ceea5ad48b6890, type: 3}
      propertyPath: m_LocalPosition.z
      value: 0
      objectReference: {fileID: 0}
    - target: {fileID: 8231479278893135127, guid: cbc333e2948ff9c478ceea5ad48b6890, type: 3}
      propertyPath: m_LocalRotation.w
      value: 1
      objectReference: {fileID: 0}
    - target: {fileID: 8231479278893135127, guid: cbc333e2948ff9c478ceea5ad48b6890, type: 3}
      propertyPath: m_LocalRotation.x
      value: 0
      objectReference: {fileID: 0}
    - target: {fileID: 8231479278893135127, guid: cbc333e2948ff9c478ceea5ad48b6890, type: 3}
      propertyPath: m_LocalRotation.y
      value: 0
      objectReference: {fileID: 0}
    - target: {fileID: 8231479278893135127, guid: cbc333e2948ff9c478ceea5ad48b6890, type: 3}
      propertyPath: m_LocalRotation.z
      value: 0
      objectReference: {fileID: 0}
    - target: {fileID: 8231479278893135127, guid: cbc333e2948ff9c478ceea5ad48b6890, type: 3}
      propertyPath: m_LocalEulerAnglesHint.x
      value: 0
      objectReference: {fileID: 0}
    - target: {fileID: 8231479278893135127, guid: cbc333e2948ff9c478ceea5ad48b6890, type: 3}
      propertyPath: m_LocalEulerAnglesHint.y
      value: 0
      objectReference: {fileID: 0}
    - target: {fileID: 8231479278893135127, guid: cbc333e2948ff9c478ceea5ad48b6890, type: 3}
      propertyPath: m_LocalEulerAnglesHint.z
      value: 0
      objectReference: {fileID: 0}
    - target: {fileID: 8389901100737342550, guid: cbc333e2948ff9c478ceea5ad48b6890, type: 3}
      propertyPath: m_LocalPosition.x
      value: -39.5
      objectReference: {fileID: 0}
    - target: {fileID: 8389901100737342550, guid: cbc333e2948ff9c478ceea5ad48b6890, type: 3}
      propertyPath: m_LocalPosition.z
      value: 62.850002
      objectReference: {fileID: 0}
    - target: {fileID: 8451273857244159122, guid: cbc333e2948ff9c478ceea5ad48b6890, type: 3}
      propertyPath: m_LocalPosition.x
      value: -39.75
      objectReference: {fileID: 0}
    - target: {fileID: 8451273857244159122, guid: cbc333e2948ff9c478ceea5ad48b6890, type: 3}
      propertyPath: m_LocalPosition.z
      value: 60.850002
      objectReference: {fileID: 0}
    - target: {fileID: 8487111916061798579, guid: cbc333e2948ff9c478ceea5ad48b6890, type: 3}
      propertyPath: m_LocalPosition.x
      value: -38.680416
      objectReference: {fileID: 0}
    - target: {fileID: 8487111916061798579, guid: cbc333e2948ff9c478ceea5ad48b6890, type: 3}
      propertyPath: m_LocalPosition.z
      value: 56.70605
      objectReference: {fileID: 0}
    - target: {fileID: 8536193814023040732, guid: cbc333e2948ff9c478ceea5ad48b6890, type: 3}
      propertyPath: m_LocalPosition.x
      value: -44.732437
      objectReference: {fileID: 0}
    - target: {fileID: 8536193814023040732, guid: cbc333e2948ff9c478ceea5ad48b6890, type: 3}
      propertyPath: m_LocalPosition.z
      value: 55.806427
      objectReference: {fileID: 0}
    - target: {fileID: 8666843536657975664, guid: cbc333e2948ff9c478ceea5ad48b6890, type: 3}
      propertyPath: m_LocalPosition.x
      value: -40.43041
      objectReference: {fileID: 0}
    - target: {fileID: 8666843536657975664, guid: cbc333e2948ff9c478ceea5ad48b6890, type: 3}
      propertyPath: m_LocalPosition.z
      value: 54.456047
      objectReference: {fileID: 0}
    - target: {fileID: 9035501563115846592, guid: cbc333e2948ff9c478ceea5ad48b6890, type: 3}
      propertyPath: m_LocalPosition.x
      value: -47.482437
      objectReference: {fileID: 0}
    - target: {fileID: 9035501563115846592, guid: cbc333e2948ff9c478ceea5ad48b6890, type: 3}
      propertyPath: m_LocalPosition.z
      value: 55.30642
      objectReference: {fileID: 0}
    m_RemovedComponents: []
  m_SourcePrefab: {fileID: 100100000, guid: cbc333e2948ff9c478ceea5ad48b6890, type: 3}
--- !u!4 &8444240653315500724 stripped
Transform:
  m_CorrespondingSourceObject: {fileID: 8231479278893135127, guid: cbc333e2948ff9c478ceea5ad48b6890, type: 3}
  m_PrefabInstance: {fileID: 510013866254639011}
  m_PrefabAsset: {fileID: 0}
--- !u!1001 &1340528269413384756
PrefabInstance:
  m_ObjectHideFlags: 0
  serializedVersion: 2
  m_Modification:
    m_TransformParent: {fileID: 5073800469420948513}
    m_Modifications:
    - target: {fileID: 3693209059770686460, guid: 9dcbbc84463b6a947bf3b4bfde293a7e, type: 3}
      propertyPath: SpawnSize
      value: 3
      objectReference: {fileID: 0}
    - target: {fileID: 3693209059770686460, guid: 9dcbbc84463b6a947bf3b4bfde293a7e, type: 3}
      propertyPath: _SpawnDelay
      value: 5
      objectReference: {fileID: 0}
    - target: {fileID: 3901069743797510090, guid: 9dcbbc84463b6a947bf3b4bfde293a7e, type: 3}
      propertyPath: m_RootOrder
      value: 1
      objectReference: {fileID: 0}
    - target: {fileID: 3901069743797510090, guid: 9dcbbc84463b6a947bf3b4bfde293a7e, type: 3}
      propertyPath: m_LocalPosition.x
      value: 15
      objectReference: {fileID: 0}
    - target: {fileID: 3901069743797510090, guid: 9dcbbc84463b6a947bf3b4bfde293a7e, type: 3}
      propertyPath: m_LocalPosition.y
      value: 0
      objectReference: {fileID: 0}
    - target: {fileID: 3901069743797510090, guid: 9dcbbc84463b6a947bf3b4bfde293a7e, type: 3}
      propertyPath: m_LocalPosition.z
      value: 50
      objectReference: {fileID: 0}
    - target: {fileID: 3901069743797510090, guid: 9dcbbc84463b6a947bf3b4bfde293a7e, type: 3}
      propertyPath: m_LocalRotation.w
      value: 1
      objectReference: {fileID: 0}
    - target: {fileID: 3901069743797510090, guid: 9dcbbc84463b6a947bf3b4bfde293a7e, type: 3}
      propertyPath: m_LocalRotation.x
      value: -0
      objectReference: {fileID: 0}
    - target: {fileID: 3901069743797510090, guid: 9dcbbc84463b6a947bf3b4bfde293a7e, type: 3}
      propertyPath: m_LocalRotation.y
      value: -0
      objectReference: {fileID: 0}
    - target: {fileID: 3901069743797510090, guid: 9dcbbc84463b6a947bf3b4bfde293a7e, type: 3}
      propertyPath: m_LocalRotation.z
      value: -0
      objectReference: {fileID: 0}
    - target: {fileID: 3901069743797510090, guid: 9dcbbc84463b6a947bf3b4bfde293a7e, type: 3}
      propertyPath: m_LocalEulerAnglesHint.x
      value: 0
      objectReference: {fileID: 0}
    - target: {fileID: 3901069743797510090, guid: 9dcbbc84463b6a947bf3b4bfde293a7e, type: 3}
      propertyPath: m_LocalEulerAnglesHint.y
      value: 0
      objectReference: {fileID: 0}
    - target: {fileID: 3901069743797510090, guid: 9dcbbc84463b6a947bf3b4bfde293a7e, type: 3}
      propertyPath: m_LocalEulerAnglesHint.z
      value: 0
      objectReference: {fileID: 0}
    - target: {fileID: 3901069743797510094, guid: 9dcbbc84463b6a947bf3b4bfde293a7e, type: 3}
      propertyPath: m_Name
      value: SpawnerEnemyFake
      objectReference: {fileID: 0}
    m_RemovedComponents: []
  m_SourcePrefab: {fileID: 100100000, guid: 9dcbbc84463b6a947bf3b4bfde293a7e, type: 3}
--- !u!4 &2646393752185347582 stripped
Transform:
  m_CorrespondingSourceObject: {fileID: 3901069743797510090, guid: 9dcbbc84463b6a947bf3b4bfde293a7e, type: 3}
  m_PrefabInstance: {fileID: 1340528269413384756}
  m_PrefabAsset: {fileID: 0}
--- !u!1001 &1721181966120256109
PrefabInstance:
  m_ObjectHideFlags: 0
  serializedVersion: 2
  m_Modification:
    m_TransformParent: {fileID: 8496260069462705050}
    m_Modifications:
    - target: {fileID: 3693209059770686460, guid: 931cceb7ae665ba48bc577855d17ba39, type: 3}
      propertyPath: SpawnSize
      value: 4
      objectReference: {fileID: 0}
    - target: {fileID: 3693209059770686460, guid: 931cceb7ae665ba48bc577855d17ba39, type: 3}
      propertyPath: _SpawnDelay
      value: 5
      objectReference: {fileID: 0}
    - target: {fileID: 3901069743797510090, guid: 931cceb7ae665ba48bc577855d17ba39, type: 3}
      propertyPath: m_RootOrder
      value: 1
      objectReference: {fileID: 0}
    - target: {fileID: 3901069743797510090, guid: 931cceb7ae665ba48bc577855d17ba39, type: 3}
      propertyPath: m_LocalPosition.x
      value: -15
      objectReference: {fileID: 0}
    - target: {fileID: 3901069743797510090, guid: 931cceb7ae665ba48bc577855d17ba39, type: 3}
      propertyPath: m_LocalPosition.y
      value: 0
      objectReference: {fileID: 0}
    - target: {fileID: 3901069743797510090, guid: 931cceb7ae665ba48bc577855d17ba39, type: 3}
      propertyPath: m_LocalPosition.z
      value: -90
      objectReference: {fileID: 0}
    - target: {fileID: 3901069743797510090, guid: 931cceb7ae665ba48bc577855d17ba39, type: 3}
      propertyPath: m_LocalRotation.w
      value: 1
      objectReference: {fileID: 0}
    - target: {fileID: 3901069743797510090, guid: 931cceb7ae665ba48bc577855d17ba39, type: 3}
      propertyPath: m_LocalRotation.x
      value: -0
      objectReference: {fileID: 0}
    - target: {fileID: 3901069743797510090, guid: 931cceb7ae665ba48bc577855d17ba39, type: 3}
      propertyPath: m_LocalRotation.y
      value: -0
      objectReference: {fileID: 0}
    - target: {fileID: 3901069743797510090, guid: 931cceb7ae665ba48bc577855d17ba39, type: 3}
      propertyPath: m_LocalRotation.z
      value: -0
      objectReference: {fileID: 0}
    - target: {fileID: 3901069743797510090, guid: 931cceb7ae665ba48bc577855d17ba39, type: 3}
      propertyPath: m_LocalEulerAnglesHint.x
      value: 0
      objectReference: {fileID: 0}
    - target: {fileID: 3901069743797510090, guid: 931cceb7ae665ba48bc577855d17ba39, type: 3}
      propertyPath: m_LocalEulerAnglesHint.y
      value: 0
      objectReference: {fileID: 0}
    - target: {fileID: 3901069743797510090, guid: 931cceb7ae665ba48bc577855d17ba39, type: 3}
      propertyPath: m_LocalEulerAnglesHint.z
      value: 0
      objectReference: {fileID: 0}
    - target: {fileID: 3901069743797510094, guid: 931cceb7ae665ba48bc577855d17ba39, type: 3}
      propertyPath: m_Name
      value: Spawner (1)
      objectReference: {fileID: 0}
    - target: {fileID: 3901069743797510094, guid: 931cceb7ae665ba48bc577855d17ba39, type: 3}
      propertyPath: m_IsActive
      value: 1
      objectReference: {fileID: 0}
    m_RemovedComponents: []
  m_SourcePrefab: {fileID: 100100000, guid: 931cceb7ae665ba48bc577855d17ba39, type: 3}
--- !u!4 &2432435977998507431 stripped
Transform:
  m_CorrespondingSourceObject: {fileID: 3901069743797510090, guid: 931cceb7ae665ba48bc577855d17ba39, type: 3}
  m_PrefabInstance: {fileID: 1721181966120256109}
  m_PrefabAsset: {fileID: 0}
--- !u!1001 &2692651224944977584
PrefabInstance:
  m_ObjectHideFlags: 0
  serializedVersion: 2
  m_Modification:
    m_TransformParent: {fileID: 5073800469420948513}
    m_Modifications:
    - target: {fileID: 3693209059770686460, guid: c6a64837bf9291a42a346ccd1ad278b8, type: 3}
      propertyPath: SpawnSize
      value: 4
      objectReference: {fileID: 0}
    - target: {fileID: 3693209059770686460, guid: c6a64837bf9291a42a346ccd1ad278b8, type: 3}
      propertyPath: _SpawnDelay
      value: 5
      objectReference: {fileID: 0}
    - target: {fileID: 3901069743797510090, guid: c6a64837bf9291a42a346ccd1ad278b8, type: 3}
      propertyPath: m_RootOrder
      value: 0
      objectReference: {fileID: 0}
    - target: {fileID: 3901069743797510090, guid: c6a64837bf9291a42a346ccd1ad278b8, type: 3}
      propertyPath: m_LocalPosition.x
      value: -15
      objectReference: {fileID: 0}
    - target: {fileID: 3901069743797510090, guid: c6a64837bf9291a42a346ccd1ad278b8, type: 3}
      propertyPath: m_LocalPosition.y
      value: 0
      objectReference: {fileID: 0}
    - target: {fileID: 3901069743797510090, guid: c6a64837bf9291a42a346ccd1ad278b8, type: 3}
      propertyPath: m_LocalPosition.z
      value: 50
      objectReference: {fileID: 0}
    - target: {fileID: 3901069743797510090, guid: c6a64837bf9291a42a346ccd1ad278b8, type: 3}
      propertyPath: m_LocalRotation.w
      value: 1
      objectReference: {fileID: 0}
    - target: {fileID: 3901069743797510090, guid: c6a64837bf9291a42a346ccd1ad278b8, type: 3}
      propertyPath: m_LocalRotation.x
      value: -0
      objectReference: {fileID: 0}
    - target: {fileID: 3901069743797510090, guid: c6a64837bf9291a42a346ccd1ad278b8, type: 3}
      propertyPath: m_LocalRotation.y
      value: -0
      objectReference: {fileID: 0}
    - target: {fileID: 3901069743797510090, guid: c6a64837bf9291a42a346ccd1ad278b8, type: 3}
      propertyPath: m_LocalRotation.z
      value: -0
      objectReference: {fileID: 0}
    - target: {fileID: 3901069743797510090, guid: c6a64837bf9291a42a346ccd1ad278b8, type: 3}
      propertyPath: m_LocalEulerAnglesHint.x
      value: 0
      objectReference: {fileID: 0}
    - target: {fileID: 3901069743797510090, guid: c6a64837bf9291a42a346ccd1ad278b8, type: 3}
      propertyPath: m_LocalEulerAnglesHint.y
      value: 0
      objectReference: {fileID: 0}
    - target: {fileID: 3901069743797510090, guid: c6a64837bf9291a42a346ccd1ad278b8, type: 3}
      propertyPath: m_LocalEulerAnglesHint.z
      value: 0
      objectReference: {fileID: 0}
    - target: {fileID: 3901069743797510094, guid: c6a64837bf9291a42a346ccd1ad278b8, type: 3}
      propertyPath: m_Name
      value: SpawnerCastle
      objectReference: {fileID: 0}
    - target: {fileID: 4283699853000715030, guid: c6a64837bf9291a42a346ccd1ad278b8, type: 3}
      propertyPath: m_AnchoredPosition.x
      value: 15
      objectReference: {fileID: 0}
    m_RemovedComponents: []
  m_SourcePrefab: {fileID: 100100000, guid: c6a64837bf9291a42a346ccd1ad278b8, type: 3}
--- !u!4 &1404377918553897338 stripped
Transform:
  m_CorrespondingSourceObject: {fileID: 3901069743797510090, guid: c6a64837bf9291a42a346ccd1ad278b8, type: 3}
  m_PrefabInstance: {fileID: 2692651224944977584}
  m_PrefabAsset: {fileID: 0}
--- !u!1001 &2943094152396508673
PrefabInstance:
  m_ObjectHideFlags: 0
  serializedVersion: 2
  m_Modification:
    m_TransformParent: {fileID: 8496260069462705050}
    m_Modifications:
    - target: {fileID: 3693209059770686460, guid: 931cceb7ae665ba48bc577855d17ba39, type: 3}
      propertyPath: SpawnSize
      value: 4
      objectReference: {fileID: 0}
    - target: {fileID: 3693209059770686460, guid: 931cceb7ae665ba48bc577855d17ba39, type: 3}
      propertyPath: _SpawnDelay
      value: 5
      objectReference: {fileID: 0}
    - target: {fileID: 3901069743797510090, guid: 931cceb7ae665ba48bc577855d17ba39, type: 3}
      propertyPath: m_RootOrder
      value: 0
      objectReference: {fileID: 0}
    - target: {fileID: 3901069743797510090, guid: 931cceb7ae665ba48bc577855d17ba39, type: 3}
      propertyPath: m_LocalPosition.x
      value: 15
      objectReference: {fileID: 0}
    - target: {fileID: 3901069743797510090, guid: 931cceb7ae665ba48bc577855d17ba39, type: 3}
      propertyPath: m_LocalPosition.y
      value: 0
      objectReference: {fileID: 0}
    - target: {fileID: 3901069743797510090, guid: 931cceb7ae665ba48bc577855d17ba39, type: 3}
      propertyPath: m_LocalPosition.z
      value: -90
      objectReference: {fileID: 0}
    - target: {fileID: 3901069743797510090, guid: 931cceb7ae665ba48bc577855d17ba39, type: 3}
      propertyPath: m_LocalRotation.w
      value: 1
      objectReference: {fileID: 0}
    - target: {fileID: 3901069743797510090, guid: 931cceb7ae665ba48bc577855d17ba39, type: 3}
      propertyPath: m_LocalRotation.x
      value: -0
      objectReference: {fileID: 0}
    - target: {fileID: 3901069743797510090, guid: 931cceb7ae665ba48bc577855d17ba39, type: 3}
      propertyPath: m_LocalRotation.y
      value: -0
      objectReference: {fileID: 0}
    - target: {fileID: 3901069743797510090, guid: 931cceb7ae665ba48bc577855d17ba39, type: 3}
      propertyPath: m_LocalRotation.z
      value: -0
      objectReference: {fileID: 0}
    - target: {fileID: 3901069743797510090, guid: 931cceb7ae665ba48bc577855d17ba39, type: 3}
      propertyPath: m_LocalEulerAnglesHint.x
      value: 0
      objectReference: {fileID: 0}
    - target: {fileID: 3901069743797510090, guid: 931cceb7ae665ba48bc577855d17ba39, type: 3}
      propertyPath: m_LocalEulerAnglesHint.y
      value: 0
      objectReference: {fileID: 0}
    - target: {fileID: 3901069743797510090, guid: 931cceb7ae665ba48bc577855d17ba39, type: 3}
      propertyPath: m_LocalEulerAnglesHint.z
      value: 0
      objectReference: {fileID: 0}
    - target: {fileID: 3901069743797510094, guid: 931cceb7ae665ba48bc577855d17ba39, type: 3}
      propertyPath: m_Name
      value: Spawner
      objectReference: {fileID: 0}
    m_RemovedComponents: []
  m_SourcePrefab: {fileID: 100100000, guid: 931cceb7ae665ba48bc577855d17ba39, type: 3}
--- !u!4 &2230577910866809291 stripped
Transform:
  m_CorrespondingSourceObject: {fileID: 3901069743797510090, guid: 931cceb7ae665ba48bc577855d17ba39, type: 3}
  m_PrefabInstance: {fileID: 2943094152396508673}
  m_PrefabAsset: {fileID: 0}
--- !u!1001 &3642235770788288376
PrefabInstance:
  m_ObjectHideFlags: 0
  serializedVersion: 2
  m_Modification:
    m_TransformParent: {fileID: 7209151643971928766}
    m_Modifications:
    - target: {fileID: 5076286442297945878, guid: 64841453c92bd6040be8863bf55157eb, type: 3}
      propertyPath: m_Name
      value: Waterpool_rocks (1)
      objectReference: {fileID: 0}
    - target: {fileID: 5564557099532072364, guid: 64841453c92bd6040be8863bf55157eb, type: 3}
      propertyPath: m_RootOrder
      value: 4
      objectReference: {fileID: 0}
    - target: {fileID: 5564557099532072364, guid: 64841453c92bd6040be8863bf55157eb, type: 3}
      propertyPath: m_LocalScale.x
      value: 1
      objectReference: {fileID: 0}
    - target: {fileID: 5564557099532072364, guid: 64841453c92bd6040be8863bf55157eb, type: 3}
      propertyPath: m_LocalScale.z
      value: 1
      objectReference: {fileID: 0}
    - target: {fileID: 5564557099532072364, guid: 64841453c92bd6040be8863bf55157eb, type: 3}
      propertyPath: m_LocalPosition.x
      value: 20
      objectReference: {fileID: 0}
    - target: {fileID: 5564557099532072364, guid: 64841453c92bd6040be8863bf55157eb, type: 3}
      propertyPath: m_LocalPosition.y
      value: 0
      objectReference: {fileID: 0}
    - target: {fileID: 5564557099532072364, guid: 64841453c92bd6040be8863bf55157eb, type: 3}
      propertyPath: m_LocalPosition.z
      value: -19
      objectReference: {fileID: 0}
    - target: {fileID: 5564557099532072364, guid: 64841453c92bd6040be8863bf55157eb, type: 3}
      propertyPath: m_LocalRotation.w
      value: 1
      objectReference: {fileID: 0}
    - target: {fileID: 5564557099532072364, guid: 64841453c92bd6040be8863bf55157eb, type: 3}
      propertyPath: m_LocalRotation.x
      value: 0.000000021855694
      objectReference: {fileID: 0}
    - target: {fileID: 5564557099532072364, guid: 64841453c92bd6040be8863bf55157eb, type: 3}
      propertyPath: m_LocalRotation.y
      value: -0
      objectReference: {fileID: 0}
    - target: {fileID: 5564557099532072364, guid: 64841453c92bd6040be8863bf55157eb, type: 3}
      propertyPath: m_LocalRotation.z
      value: -0
      objectReference: {fileID: 0}
    - target: {fileID: 5564557099532072364, guid: 64841453c92bd6040be8863bf55157eb, type: 3}
      propertyPath: m_LocalEulerAnglesHint.x
      value: 0
      objectReference: {fileID: 0}
    - target: {fileID: 5564557099532072364, guid: 64841453c92bd6040be8863bf55157eb, type: 3}
      propertyPath: m_LocalEulerAnglesHint.y
      value: 0
      objectReference: {fileID: 0}
    - target: {fileID: 5564557099532072364, guid: 64841453c92bd6040be8863bf55157eb, type: 3}
      propertyPath: m_LocalEulerAnglesHint.z
      value: 0
      objectReference: {fileID: 0}
    - target: {fileID: 6733563069494152899, guid: 64841453c92bd6040be8863bf55157eb, type: 3}
      propertyPath: m_Materials.Array.data[0]
      value: 
      objectReference: {fileID: 2100000, guid: eed38dc2a58ba784bb11bb385e877936, type: 2}
    m_RemovedComponents: []
  m_SourcePrefab: {fileID: 100100000, guid: 64841453c92bd6040be8863bf55157eb, type: 3}
--- !u!4 &9201580893145277140 stripped
Transform:
  m_CorrespondingSourceObject: {fileID: 5564557099532072364, guid: 64841453c92bd6040be8863bf55157eb, type: 3}
  m_PrefabInstance: {fileID: 3642235770788288376}
  m_PrefabAsset: {fileID: 0}
--- !u!1001 &5482684652204229250
PrefabInstance:
  m_ObjectHideFlags: 0
  serializedVersion: 2
  m_Modification:
    m_TransformParent: {fileID: 7209151643971928766}
    m_Modifications:
    - target: {fileID: 5076286442297945878, guid: 64841453c92bd6040be8863bf55157eb, type: 3}
      propertyPath: m_Name
      value: Waterpool_rocks
      objectReference: {fileID: 0}
    - target: {fileID: 5564557099532072364, guid: 64841453c92bd6040be8863bf55157eb, type: 3}
      propertyPath: m_RootOrder
      value: 3
      objectReference: {fileID: 0}
    - target: {fileID: 5564557099532072364, guid: 64841453c92bd6040be8863bf55157eb, type: 3}
      propertyPath: m_LocalScale.x
      value: 1
      objectReference: {fileID: 0}
    - target: {fileID: 5564557099532072364, guid: 64841453c92bd6040be8863bf55157eb, type: 3}
      propertyPath: m_LocalScale.z
      value: 1
      objectReference: {fileID: 0}
    - target: {fileID: 5564557099532072364, guid: 64841453c92bd6040be8863bf55157eb, type: 3}
      propertyPath: m_LocalPosition.x
      value: -20
      objectReference: {fileID: 0}
    - target: {fileID: 5564557099532072364, guid: 64841453c92bd6040be8863bf55157eb, type: 3}
      propertyPath: m_LocalPosition.y
      value: 0
      objectReference: {fileID: 0}
    - target: {fileID: 5564557099532072364, guid: 64841453c92bd6040be8863bf55157eb, type: 3}
      propertyPath: m_LocalPosition.z
      value: -19
      objectReference: {fileID: 0}
    - target: {fileID: 5564557099532072364, guid: 64841453c92bd6040be8863bf55157eb, type: 3}
      propertyPath: m_LocalRotation.w
      value: 1
      objectReference: {fileID: 0}
    - target: {fileID: 5564557099532072364, guid: 64841453c92bd6040be8863bf55157eb, type: 3}
      propertyPath: m_LocalRotation.x
      value: 0.000000021855694
      objectReference: {fileID: 0}
    - target: {fileID: 5564557099532072364, guid: 64841453c92bd6040be8863bf55157eb, type: 3}
      propertyPath: m_LocalRotation.y
      value: -0
      objectReference: {fileID: 0}
    - target: {fileID: 5564557099532072364, guid: 64841453c92bd6040be8863bf55157eb, type: 3}
      propertyPath: m_LocalRotation.z
      value: -0
      objectReference: {fileID: 0}
    - target: {fileID: 5564557099532072364, guid: 64841453c92bd6040be8863bf55157eb, type: 3}
      propertyPath: m_LocalEulerAnglesHint.x
      value: 0
      objectReference: {fileID: 0}
    - target: {fileID: 5564557099532072364, guid: 64841453c92bd6040be8863bf55157eb, type: 3}
      propertyPath: m_LocalEulerAnglesHint.y
      value: 0
      objectReference: {fileID: 0}
    - target: {fileID: 5564557099532072364, guid: 64841453c92bd6040be8863bf55157eb, type: 3}
      propertyPath: m_LocalEulerAnglesHint.z
      value: 0
      objectReference: {fileID: 0}
    - target: {fileID: 6733563069494152899, guid: 64841453c92bd6040be8863bf55157eb, type: 3}
      propertyPath: m_Materials.Array.data[0]
      value: 
      objectReference: {fileID: 2100000, guid: eed38dc2a58ba784bb11bb385e877936, type: 2}
    m_RemovedComponents: []
  m_SourcePrefab: {fileID: 100100000, guid: 64841453c92bd6040be8863bf55157eb, type: 3}
--- !u!4 &85339246346516270 stripped
Transform:
  m_CorrespondingSourceObject: {fileID: 5564557099532072364, guid: 64841453c92bd6040be8863bf55157eb, type: 3}
  m_PrefabInstance: {fileID: 5482684652204229250}
  m_PrefabAsset: {fileID: 0}
--- !u!1001 &5558202973803114154
PrefabInstance:
  m_ObjectHideFlags: 0
  serializedVersion: 2
  m_Modification:
    m_TransformParent: {fileID: 7209151643971928766}
    m_Modifications:
    - target: {fileID: 2085674760098323675, guid: ed04e03af169ce342894926eb0237040, type: 3}
      propertyPath: Collectables.Array.size
      value: 6
      objectReference: {fileID: 0}
    - target: {fileID: 2085674760098323675, guid: ed04e03af169ce342894926eb0237040, type: 3}
      propertyPath: Collectables.Array.data[0].ActiveValue
      value: 5
      objectReference: {fileID: 0}
    - target: {fileID: 2085674760098323675, guid: ed04e03af169ce342894926eb0237040, type: 3}
      propertyPath: Collectables.Array.data[0].Probability
      value: 10
      objectReference: {fileID: 0}
    - target: {fileID: 2085674760098323675, guid: ed04e03af169ce342894926eb0237040, type: 3}
      propertyPath: Collectables.Array.data[1].ActiveValue
      value: 10
      objectReference: {fileID: 0}
    - target: {fileID: 2085674760098323675, guid: ed04e03af169ce342894926eb0237040, type: 3}
      propertyPath: Collectables.Array.data[1].Probability
      value: 10
      objectReference: {fileID: 0}
    - target: {fileID: 2085674760098323675, guid: ed04e03af169ce342894926eb0237040, type: 3}
      propertyPath: Collectables.Array.data[2].ActiveValue
      value: 15
      objectReference: {fileID: 0}
    - target: {fileID: 2085674760098323675, guid: ed04e03af169ce342894926eb0237040, type: 3}
      propertyPath: Collectables.Array.data[2].Probability
      value: 10
      objectReference: {fileID: 0}
    - target: {fileID: 2085674760098323675, guid: ed04e03af169ce342894926eb0237040, type: 3}
      propertyPath: Collectables.Array.data[3].ActiveValue
      value: 5
      objectReference: {fileID: 0}
    - target: {fileID: 2085674760098323675, guid: ed04e03af169ce342894926eb0237040, type: 3}
      propertyPath: Collectables.Array.data[3].Probability
      value: 10
      objectReference: {fileID: 0}
    - target: {fileID: 2085674760098323675, guid: ed04e03af169ce342894926eb0237040, type: 3}
      propertyPath: Collectables.Array.data[4].ActiveValue
      value: 10
      objectReference: {fileID: 0}
    - target: {fileID: 2085674760098323675, guid: ed04e03af169ce342894926eb0237040, type: 3}
      propertyPath: Collectables.Array.data[4].Probability
      value: 10
      objectReference: {fileID: 0}
    - target: {fileID: 2085674760098323675, guid: ed04e03af169ce342894926eb0237040, type: 3}
      propertyPath: Collectables.Array.data[5].ActiveValue
      value: 15
      objectReference: {fileID: 0}
    - target: {fileID: 2085674760098323675, guid: ed04e03af169ce342894926eb0237040, type: 3}
      propertyPath: Collectables.Array.data[5].Probability
      value: 10
      objectReference: {fileID: 0}
    - target: {fileID: 2085674760098323675, guid: ed04e03af169ce342894926eb0237040, type: 3}
      propertyPath: Collectables.Array.data[6].ActiveValue
      value: 2
      objectReference: {fileID: 0}
    - target: {fileID: 2085674760098323675, guid: ed04e03af169ce342894926eb0237040, type: 3}
      propertyPath: Collectables.Array.data[6].Probability
      value: 5
      objectReference: {fileID: 0}
    - target: {fileID: 2085674760098323675, guid: ed04e03af169ce342894926eb0237040, type: 3}
      propertyPath: Collectables.Array.data[7].ActiveValue
      value: 2
      objectReference: {fileID: 0}
    - target: {fileID: 2085674760098323675, guid: ed04e03af169ce342894926eb0237040, type: 3}
      propertyPath: Collectables.Array.data[7].Probability
      value: 5
      objectReference: {fileID: 0}
    - target: {fileID: 2085674760098323675, guid: ed04e03af169ce342894926eb0237040, type: 3}
      propertyPath: Collectables.Array.data[8].ActiveValue
      value: 0
      objectReference: {fileID: 0}
    - target: {fileID: 2085674760098323675, guid: ed04e03af169ce342894926eb0237040, type: 3}
      propertyPath: Collectables.Array.data[8].Probability
      value: 5
      objectReference: {fileID: 0}
    - target: {fileID: 2085674760098323675, guid: ed04e03af169ce342894926eb0237040, type: 3}
      propertyPath: Collectables.Array.data[9].ActiveValue
      value: 0
      objectReference: {fileID: 0}
    - target: {fileID: 2085674760098323675, guid: ed04e03af169ce342894926eb0237040, type: 3}
      propertyPath: Collectables.Array.data[9].Probability
      value: 5
      objectReference: {fileID: 0}
    - target: {fileID: 2085674760098323675, guid: ed04e03af169ce342894926eb0237040, type: 3}
      propertyPath: Collectables.Array.data[10].ActiveValue
      value: 5
      objectReference: {fileID: 0}
    - target: {fileID: 2085674760098323675, guid: ed04e03af169ce342894926eb0237040, type: 3}
      propertyPath: Collectables.Array.data[10].Probability
      value: 1.8
      objectReference: {fileID: 0}
    - target: {fileID: 2085674760098323675, guid: ed04e03af169ce342894926eb0237040, type: 3}
      propertyPath: Collectables.Array.data[3].CollectableId
      value: 10
      objectReference: {fileID: 0}
    - target: {fileID: 2085674760098323675, guid: ed04e03af169ce342894926eb0237040, type: 3}
      propertyPath: Collectables.Array.data[6].CollectableId
      value: 9
      objectReference: {fileID: 0}
    - target: {fileID: 2085674760098323675, guid: ed04e03af169ce342894926eb0237040, type: 3}
      propertyPath: Collectables.Array.data[7].CollectableId
      value: 12
      objectReference: {fileID: 0}
    - target: {fileID: 2085674760098323675, guid: ed04e03af169ce342894926eb0237040, type: 3}
      propertyPath: Collectables.Array.data[8].CollectableId
      value: 12
      objectReference: {fileID: 0}
    - target: {fileID: 2085674760098323675, guid: ed04e03af169ce342894926eb0237040, type: 3}
      propertyPath: Collectables.Array.data[9].CollectableId
      value: 12
      objectReference: {fileID: 0}
    - target: {fileID: 3155657280042127963, guid: ed04e03af169ce342894926eb0237040, type: 3}
      propertyPath: m_RootOrder
      value: 0
      objectReference: {fileID: 0}
    - target: {fileID: 3155657280042127963, guid: ed04e03af169ce342894926eb0237040, type: 3}
      propertyPath: m_LocalPosition.x
      value: 0
      objectReference: {fileID: 0}
    - target: {fileID: 3155657280042127963, guid: ed04e03af169ce342894926eb0237040, type: 3}
      propertyPath: m_LocalPosition.y
      value: 0
      objectReference: {fileID: 0}
    - target: {fileID: 3155657280042127963, guid: ed04e03af169ce342894926eb0237040, type: 3}
      propertyPath: m_LocalPosition.z
      value: 0
      objectReference: {fileID: 0}
    - target: {fileID: 3155657280042127963, guid: ed04e03af169ce342894926eb0237040, type: 3}
      propertyPath: m_LocalRotation.w
      value: 1
      objectReference: {fileID: 0}
    - target: {fileID: 3155657280042127963, guid: ed04e03af169ce342894926eb0237040, type: 3}
      propertyPath: m_LocalRotation.x
      value: 0
      objectReference: {fileID: 0}
    - target: {fileID: 3155657280042127963, guid: ed04e03af169ce342894926eb0237040, type: 3}
      propertyPath: m_LocalRotation.y
      value: 0
      objectReference: {fileID: 0}
    - target: {fileID: 3155657280042127963, guid: ed04e03af169ce342894926eb0237040, type: 3}
      propertyPath: m_LocalRotation.z
      value: 0
      objectReference: {fileID: 0}
    - target: {fileID: 3155657280042127963, guid: ed04e03af169ce342894926eb0237040, type: 3}
      propertyPath: m_LocalEulerAnglesHint.x
      value: 0
      objectReference: {fileID: 0}
    - target: {fileID: 3155657280042127963, guid: ed04e03af169ce342894926eb0237040, type: 3}
      propertyPath: m_LocalEulerAnglesHint.y
      value: 0
      objectReference: {fileID: 0}
    - target: {fileID: 3155657280042127963, guid: ed04e03af169ce342894926eb0237040, type: 3}
      propertyPath: m_LocalEulerAnglesHint.z
      value: 0
      objectReference: {fileID: 0}
    - target: {fileID: 7807389820996645179, guid: ed04e03af169ce342894926eb0237040, type: 3}
      propertyPath: m_Name
      value: ProjectileSupplier
      objectReference: {fileID: 0}
    m_RemovedComponents: []
  m_SourcePrefab: {fileID: 100100000, guid: ed04e03af169ce342894926eb0237040, type: 3}
--- !u!4 &7415618465245215985 stripped
Transform:
  m_CorrespondingSourceObject: {fileID: 3155657280042127963, guid: ed04e03af169ce342894926eb0237040, type: 3}
  m_PrefabInstance: {fileID: 5558202973803114154}
  m_PrefabAsset: {fileID: 0}
